 Dungeon Crawl Stone Soup version 0.28-a0-1159-g27aa881441 (webtiles) character file.

Game seed: 3523379020281161844

7805 porpoise the Thaumaturge (level 11, -13/63 HPs)
             Began as a Deep Elf Conjurer on Dec 16, 2021.
             Was a Follower of Vehumet.
             Mangled by a shadow (21 damage)
             ... on level 10 of the Dungeon.
             The game lasted 00:51:27 (15051 turns).

porpoise the Thaumaturge (Deep Elf Conjurer)       Turns: 15051, Time: 00:51:28

Health: -13/63     AC: 12    Str:  6    XL:     11   Next: 1%
Magic:  8/29       EV: 14    Int: 30    God:    Vehumet [*.....]
Gold:   467        SH: 10    Dex: 13    Spells: 20/34 levels left

rFire   + . .      SeeInvis .   (no weapon)
rCold   + . .      Faith    .   B - +0 buckler
rNeg    + + .      Spirit   .   g - +0 robe
rPois   .          Reflect  +   p - +1 helmet
rElec   .          Harm     .   f - +1 cloak
rCorr   .          Rampage  .   x - +0 pair of gloves of True Grit {rF+ rN++ Int+4 Slay-2}
Will    +....                   t - +0 pair of boots
Stlth   +++.......              C - amulet of reflection
HPRegen 0.20/turn               b - ring of protection from cold
MPRegen 0.21/turn               A - +4 ring of protection

@: no status effects
A: no striking features
a: Renounce Religion


You were on level 10 of the Dungeon.
You worshipped Vehumet.
Vehumet was aware of your devotion.
You visited 2 branches of the dungeon, and saw 11 of its levels.

You collected 790 gold pieces.
You spent 323 gold pieces at shops.

Inventory:

Hand Weapons
 a - a +2 whip of flaming
Missiles
 c - a throwing net
 e - 7 boomerangs (quivered)
 h - 575 stones
 i - 52 poisoned darts
 k - 108 sling bullets
 u - a curare-tipped dart
 L - a silver boomerang
Armour
 f - a +1 cloak (worn)
 g - a +0 robe (worn)
 n - the +0 buckler of the Blue Moon {rN+ Will+ rCorr Str-5}
   (You found it on level 6 of the Dungeon)

   Str:       It affects your strength (-5).
   rN:        It protects you from negative energy.
   rCorr:     It protects you from acid and corrosion.
   Will:      It increases your willpower.
 p - a +1 helmet (worn)
 t - a +0 pair of boots (worn)
 x - the +0 pair of gloves of True Grit (worn) {rF+ rN++ Int+4 Slay-2}
   (You found it on level 7 of the Dungeon)

   Int:       It affects your intelligence (+4).
   Slay:      It affects your accuracy & damage with ranged weapons and melee
   (-2).
   rF:        It protects you from fire.
   rN:        It greatly protects you from negative energy.
 B - a +0 buckler (worn)
Magical Staves
 l - a staff of death
Jewellery
 b - a ring of protection from cold (left hand)
 A - a +4 ring of protection (right hand)
 C - an amulet of reflection (around neck)
 K - a ring of positive energy
 M - an amulet of guardian spirit
Wands
 m - a wand of flame (23)
 o - a wand of polymorph (19)
 z - a wand of charming (11)
 I - a wand of acid (3)
Scrolls
 d - 3 scrolls of teleportation
 y - a scroll of noise
 E - a scroll of vulnerability
 F - a scroll of immolation
 H - a scroll of enchant armour
Potions
 j - 2 potions of attraction
 q - 4 potions of heal wounds
 r - 2 potions of haste
 s - a potion of lignification
 v - a potion of mutation
 w - a potion of cancellation {unknown}
 G - 2 potions of might
 J - 2 potions of flight


   Skills:
 - Level 5.0 Fighting
 * Level 6.3 Dodging
 - Level 7.0 Stealth
 - Level 4.0 Shields
 - Level 12.0 Spellcasting
 - Level 7.0 Conjurations
 - Level 7.0 Hexes
 - Level 5.0 Translocations
 - Level 5.0 Evocations


You had 20 spell levels left.
You knew the following spells:

 Your Spells              Type           Power      Damage    Failure   Level
a - Magic Dart            Conj           100%       1d8       1%          1
b - Searing Ray           Conj           100%       2d8       1%          2
c - Fulminant Prism       Conj/Hex       28%        3d14      1%          4
d - Iskenderun's Mystic   Conj/Tloc      52%        2d11      2%          4
s - Stone Arrow           Conj/Erth      78%        3d11      1%          3

Your spell library contained the following spells:

 Spells                   Type           Power      Damage    Failure   Level
 Shock                    Conj/Air       100%       1d9       1%          1
 Foxfire                  Conj/Fire      100%       2x1d9     1%          1
 Blink                    Tloc           96%        N/A       1%          2
 Conjure Flame            Conj/Fire      39%        6-21      1%          3
 Dazzling Flash           Conj/Hex       100%       N/A       1%          3
 Inner Flame              Hex/Fire       39%        N/A       1%          3
 Mephitic Cloud           Conj/Pois/Air  31%        N/A       3%          3
 Call Imp                 Summ           18%        N/A       4%          2
 Iskenderun's Battlesphe  Conj           56%        2d11      4%          5
 Flame Wave               Conj/Fire      39%        2d7       7%          4
 Ozocubu's Armour         Ice            18%        N/A       9%          3
 Manifold Assault         Tloc           48%        N/A       10%         5
 Metabolic Englaciation   Hex/Ice        19%        N/A       19%         5
 Summon Mana Viper        Hex/Summ       39%        N/A       19%         5
 Animate Armour           Summ/Erth      36%        N/A       28%         4
 Summon Forest            Summ/Tloc      16%        N/A       28%         5
 Iron Shot                Conj/Erth      19%        9d4       71%         6
 Simulacrum               Ice/Necr       9%         N/A       99%         6
 Summon Cactus Giant      Summ           9%         N/A       99%         6
 Spellforged Servitor     Conj/Summ      19%        N/A       99%         7
 Storm Form               Tmut/Air       9%         N/A       100%        7
 Lehudib's Crystal Spear  Conj/Erth      19%        10d6      100%        8


Dungeon Overview and Level Annotations

Branches:
Dungeon (10/15)            Temple (1/1) D:6             Orc (0/2) D:9
   Lair: D:8-11

Altars:
Ashenzari
Cheibriados
Dithmenos
Elyvilon
Fedhas
Gozag
Hepliaklqana
Kikubaaqudgha
Makhleb
Nemelex Xobeh
Okawaru
Qazlal
Ru
Sif Muna
Trog
Uskayaw
Vehumet
Wu Jian
Xom
Yredelemnul
Zin
The Shining One
Beogh

Shops:
D:8 *   D:9 *[=

Annotations:
D:5 3 runed translucent doors, EnronHubbard's ghost, amateur MfIE
D:6 3 runed translucent doors, FludoriRambler's ghost, novice FoFi; ThrustWizard's ghost, novice DsGl; dang3rdave's ghost, amateur GrDe


Message History

Your fulminant prism explodes!
Vehumet accepts your kill.
You feel a bit more experienced.
The blast of energy engulfs something!!
Vehumet accepts your kill.
Reactivating autopickup.
You feel a bit more experienced.
The blast of energy engulfs the two-headed ogre!!
The two-headed ogre is almost dead.
Training target 12.0 for Spellcasting reached!
Your Dodging skill increases to level 5!
Your Spellcasting skill increases to level 12!
Casting: Iskenderun's Mystic Blast (dangerous; 2% risk of failure)
Confirm with . or Enter, or press ? or * to list all spells.
You erupt in a blast of force!
The mystic blast hits the two-headed ogre!
You kill the two-headed ogre!
Vehumet accepts your kill.
You feel sick.
The shadow slips into darkness.
The shadow flickers and vanishes!
Deactivating autopickup; reactivate with Ctrl-A.
Training target 5.0 for Evocations reached!
Your Dodging skill increases to level 6!
Your Evocations skill increases to level 5!
You have reached level 11!
You feel sick.
You feel sick.
You are no longer poisoned.
Something unseen opens the door.
The shadow strikes at you from the darkness!
* * * LOW HITPOINT WARNING * * *
Reactivating autopickup.
There is an open door, spattered with blood here.
You feel yourself speed up.
The shadow slips into darkness.
The shadow flickers and vanishes!
Deactivating autopickup; reactivate with Ctrl-A.
There is a stone staircase leading up here.
The shadow strikes at you from the darkness!
You die...

....#.
.... #')#
#..##
#...#
###.###
#...#
######'###
#.......@#
#........#
#........#
#........#
#........#
#........#
#........#
#...<....#
+........#


There were no monsters in sight!

Vanquished Creatures
  A two-headed ogre (D:10)
  Pikel (D:9)
  2 trolls
  A hornet (D:7)
  Grinder (Temple)
  A slime creature (D:10)
  Sigmund (D:5)
  2 wyverns
  A vampire (D:10)
  A wraith (D:8)
  A steam dragon (D:7)
  A water moccasin (D:9)
  A black bear (D:6)
  7 orc warriors
  A necrophage (D:4)
  2 ice beasts
  3 ogres
  4 centaurs
  A boggart (D:10)
  A phantom (D:5)
  2 lemures (D:9)
  5 kobold brigands
  A bullfrog (D:9)
  4 gnoll sergeants
  2 scorpions
  A wyvern zombie (D:9)
  2 water moccasin skeletons (D:6)
  3 killer bees
  10 wights
  A howler monkey (D:5)
  3 centaur zombies
  A bullfrog zombie (D:6)
  A centaur skeleton (D:7)
  4 jellies
  3 hounds
  5 orc priests
  A bullfrog skeleton (D:6)
  6 iguanas
  Natasha (thrice) (D:2)
  7 orc wizards
  2 killer bee zombies (D:8)
  A hound skeleton (D:4)
  A howler monkey zombie (D:9)
  28 gnolls
  4 adders
  A shadow imp (D:7)
  4 white imps
  An ufetubus (D:5)
  2 worms
  2 dart slugs (D:2)
  21 orcs
  4 endoplasms
  3 giant cockroaches (D:4)
  4 goblins
  8 hobgoblins
  8 jackals (D:1)
  6 quokkas
  7 ball pythons
  4 bats
  5 frilled lizards
  50 kobolds
  3 rats
268 creatures vanquished.

Vanquished Creatures (collateral kills)
  Blork the orc (D:6)
1 creature vanquished.

Vanquished Creatures (others)
  38 fulminant prisms
  5 plants
43 creatures vanquished.

Grand Total: 312 creatures vanquished

Notes
Turn   | Place    | Note
-------+----------+-------------------------------------------
     0 | D:1      | porpoise the Deep Elf Conjurer began the quest for the Orb.
     0 | D:1      | Reached XP level 1. HP: 10/10 MP: 6/6
   293 | D:1      | Reached XP level 2. HP: 15/15 MP: 6/8
   314 | D:1      | Learned a level 2 spell: Searing Ray
   405 | D:1      | Reached skill level 5 in Conjurations
   955 | D:2      | Reached XP level 3. HP: 19/19 MP: 2/9
  1033 | D:2      | Found a snail-covered altar of Cheibriados.
  1177 | D:2      | Noticed Natasha
  1187 | D:2      | Killed Natasha
  1227 | D:2      | Noticed Natasha
  1232 | D:2      | Killed Natasha
  1233 | D:2      | Reached XP level 4. HP: 24/24 MP: 4/11
  1293 | D:2      | Learned a level 4 spell: Fulminant Prism
  1297 | D:2      | Learned a level 3 spell: Ozocubu's Armour
  1459 | D:2      | Noticed Natasha
  1465 | D:2      | Killed Natasha
  1466 | D:2      | Reached skill level 4 in Spellcasting
  1466 | D:2      | Reached skill level 1 in Hexes
  1783 | D:3      | You fall into a shaft and drop 2 floors!
  1783 | D:5      | Entered Level 5 of the Dungeon
  1783 | D:5      | Noticed a scorpion
  1802 | D:5      | Noticed an ogre
  1834 | D:5      | Noticed Sigmund
  2030 | D:5      | Reached XP level 5. HP: 28/28 MP: 8/14
  2121 | D:4      | Reached skill level 5 in Spellcasting
  2610 | D:3      | Learned a level 4 spell: Iskenderun's Mystic Blast
  2650 | D:3      | Found a hazy altar of Hepliaklqana.
  2790 | D:3      | Found a white marble altar of Elyvilon.
  2868 | D:3      | Found a faded altar of an unknown god.
  2971 | D:3      | Reached skill level 6 in Spellcasting
  2971 | D:3      | Reached XP level 6. HP: 32/32 MP: 13/17
  4559 | D:4      | Reached XP level 7. HP: 32/36 MP: 13/19
  4766 | D:4      | Reached skill level 7 in Spellcasting
  5179 | D:4      | Reached skill level 5 in Hexes
  5179 | D:4      | Reached skill level 1 in Translocations
  5344 | D:4      | Found a shimmering blue altar of Sif Muna.
  6377 | D:5      | Found a runed translucent gate.
  6377 | D:5      | Found a runed translucent gate.
  6377 | D:5      | Noticed EnronHubbard's ghost (amateur MfIE)
  6378 | D:5      | Found a runed translucent gate.
  6660 | D:5      | Killed Sigmund
  6661 | D:5      | Reached skill level 5 in Stealth
  6661 | D:5      | Reached XP level 8. HP: 41/41 MP: 9/20
  7181 | D:6      | Found a staircase to the Ecumenical Temple.
  7211 | Temple   | Entered the Ecumenical Temple
  7463 | D:6      | Reached skill level 5 in Translocations
  8036 | D:6      | Identified the +0 buckler of the Blue Moon {rN+ Will+ rCorr
                  | Str-5}
  8055 | D:6      | Noticed Blork the orc
  8057 | D:6      | Reached skill level 1 in Fighting
  8061 | D:6      | Killed Blork the orc
  8279 | D:6      | Reached XP level 9. HP: 45/48 MP: 7/22
  8291 | D:6      | Noticed Grinder
  8292 | D:6      | Reached skill level 8 in Spellcasting
  8427 | Temple   | Paralysed by Grinder for 3 turns
  8430 | Temple   | Killed Grinder
  9150 | D:6      | Reached skill level 9 in Spellcasting
  9262 | D:6      | Found a runed translucent gate.
  9262 | D:6      | Found a runed translucent gate.
  9262 | D:6      | Found a runed translucent gate.
  9263 | D:6      | Noticed dang3rdave's ghost (amateur GrDe)
  9263 | D:6      | Noticed FludoriRambler's ghost (novice FoFi)
  9263 | D:6      | Noticed ThrustWizard's ghost (novice DsGl)
  9513 | D:7      | Reached skill level 1 in Evocations
  9971 | D:7      | Found a shimmering altar of Xom.
 10157 | D:7      | Found an iron altar of Okawaru.
 10160 | D:7      | Found a glowing golden altar of the Shining One.
 10499 | D:7      | Identified the +0 pair of gloves of True Grit {rF+ rN++
                  | Int+4 Slay-2}
 10571 | D:7      | Found a radiant altar of Vehumet.
 10574 | D:7      | Became a worshipper of Vehumet
 10620 | D:7      | Reached skill level 10 in Spellcasting
 11370 | D:8      | Reached XP level 10. HP: 58/58 MP: 21/26
 11511 | D:8      | Found Idwoc's Assorted Antiques.
 11519 | D:8      | Bought a runed opal ring for 135 gold pieces
 11519 | D:8      | Bought a scroll labelled USAKEY YXZOCWA for 27 gold pieces
 11519 | D:8      | Bought a lumpy jasper amulet for 135 gold pieces
 11580 | D:8      | Reached skill level 5 in Fighting
 12341 | D:9      | Reached * piety under Vehumet
 12341 | D:9      | Offered knowledge of Shock by Vehumet.
 12417 | D:9      | Found a staircase to the Orcish Mines.
 12478 | D:9      | Reached skill level 1 in Shields
 13004 | D:9      | Found Lism's Antique Armour Emporium.
 13066 | D:9      | Found Kogo's Jewellery Emporium.
 13337 | D:9      | Noticed Pikel
 13344 | D:9      | Killed Pikel
 13345 | D:9      | Reached skill level 11 in Spellcasting
 14266 | D:9      | Found Samost's General Store.
 14349 | D:9      | Learned a level 3 spell: Stone Arrow
 14836 | D:9      | Found a basalt altar of Yredelemnul.
 15009 | D:10     | Entered Level 10 of the Dungeon
 15022 | D:9      | Bought a scroll of identify for 26 gold pieces
 15039 | D:10     | Noticed a two-headed ogre
 15044 | D:10     | Reached skill level 5 in Dodging
 15044 | D:10     | Reached skill level 12 in Spellcasting
 15044 | D:10     | Killed a two-headed ogre
 15045 | D:10     | Reached skill level 5 in Evocations
 15045 | D:10     | Reached XP level 11. HP: 23/63 MP: 6/29
 15051 | D:10     | Mangled by a shadow

Illustrated notes

Levels and vault maps discovered:
D:1:      psy_arrival_conway, layout_basic, serial_glass, glass_columns_a,
          glass_columns_a
D:2:      layout_rooms, basic_altar, kennysheep_nondescript, uniq_natasha
D:3:      minmay_goblin_kobold_castle, layout_basic,
          nicolae_hepliaklqana_hazy_memory, elyvilon_altar_1,
          hellmonk_ecumenical_altar_zigzags, corexii_corridor_pit
D:4:      layout_loops_ring, kennysheep_little_box, portal_sewer_entry_f,
          grunt_ministairs_6
D:5:      layout_loops_cross, biasface_ghost_orc_armoury, uniq_sigmund
D:6:      layout_basic, minmay_temple_entry_gardened_gates,
          gammafunk_ghost_cemetery, kennysheep_generic_room_4, uniq_grinder,
          uniq_blork_the_orc
D:7:      layout_cave_pools, kennysheep_mini_moat, minitemple
D:8:      layout_basic, serial_shops, nicolae_shop_trees
D:9:      minmay_the_grid_square_5x5_3x3 [minmay_the_grid_square_5x5_six,
          minmay_the_grid_square_5x5_percent, minmay_the_grid_square_5x5_eight,
          minmay_the_grid_square_5x5_detours,
          minmay_the_grid_square_5x5_megaprize_hollow,
          minmay_the_grid_square_5x5_dogpile,
          minmay_the_grid_square_5x5_three_small,
          minmay_the_grid_square_5x5_hourglass,
          minmay_the_grid_square_5x5_one_wall], layout_long_grid,
          lemuel_zombie_altar_yredelemnul, orc_0_dummy, serial_shops,
          nicolae_take_the_stairs, nicolae_shop_temple_entry_statues_fountains,
          kennysheep_mini, uniq_pikel
D:10:     layout_roguey, serial_shops, shop, nicolae_trove_entry_diagonal,
          minmay_ruined_shrine, uniq_joseph
Temple:   eino_temple_lava

Skill      XL: |  1  2  3  4  5  6  7  8  9 10 |
---------------+-------------------------------+-----
Conjurations   | 5 6 7 |  7.0
Spellcasting   | 4 6 7 10 12 | 12.0
Hexes          | 1 2 4 6 7 |  7.0
Stealth        | 3 5 7 |  7.0
Translocations | 3 5 |  5.0
Fighting       | 1 4 5 |  5.0
Evocations     | 3 5 |  5.0
Shields        | 4 |  4.0
Dodging        | 6 |  6.3

Action                   |  1- 3 |  4- 6 |  7- 9 | 10-12 || total
-------------------------+-------+-------+-------+-------++-------
Melee: Short sword       |       |     1 |     1 |       ||     2
Throw: Boomerang         |       |       |     3 |    14 ||    17
 Cast: Magic Dart        |    40 |    52 |     7 |       ||    99
       Searing Ray       |     4 |    37 |    82 |    37 ||   160
       Fulminant Prism   |       |       |    15 |    23 ||    38
       Iskenderun's Myst |       |       |    12 |    15 ||    27
       Ozocubu's Armour  |       |       |     2 |       ||     2
Evoke: Wand              |       |       |     8 |     1 ||     9
  Use: Scroll            |       |       |    12 |     8 ||    20
Armor: Robe              |       |     9 |    29 |    18 ||    56
Dodge: Dodged            |     1 |    27 |    56 |    16 ||   100
Block: Buckler           |       |       |       |     4 ||     4
       Other             |       |       |       |     4 ||     4

Table legend: (Time is in decaauts)
 A = Elapsed time spent in this place.
 B = Non-inter-level travel time spent in this place.
 C = Inter-level travel time spent in this place.
 D = Time resting spent in this place.
 E = Time spent auto-exploring this place.
 F = Levels seen in this place.
 G = Mean time per level.
                   A        B        C        D        E       F      G
               +--------+--------+--------+--------+--------+-----+--------+
         Total |  15145 |  14768 |    377 |   7925 |   3958 |  11 | 1376.8 |
       Dungeon |  14505 |  14137 |    368 |   7372 |   3918 |  10 | 1450.5 |
        Temple |    640 |    631 |      9 |    553 |     40 |   1 |  640.0 |
               +--------+--------+--------+--------+--------+-----+--------+

Top non-repeatable levels by time:
     D:9: 2305 daAuts
     D:3: 2181 daAuts
     D:5: 2099 daAuts
     D:8: 1698 daAuts
     D:4: 1621 daAuts
     D:6: 1510 daAuts
     D:7: 1347 daAuts
     D:1: 933 daAuts
     D:2: 768 daAuts
  Temple: 640 daAuts
    D:10: 39 daAuts
